 Dungeon Crawl Stone Soup version 0.20-a0-823-gdec668e (webtiles) character file.

22 M4edhros the Sneak (level 2, -6/18 HPs)
             Began as an Octopode Artificer on Mar 5, 2017.
             Mangled by a gnoll (8 damage)
             ... on level 4 of the Dungeon.
             The game lasted 00:00:47 (716 turns).

M4edhros the Sneak (Octopode Artificer)              Turns: 716, Time: 00:00:48

Health: -6/18      AC:  1    Str: 11    XL:     2   Next: 91%
Magic:  4/4        EV: 13    Int: 13    God:
Gold:   79         SH:  0    Dex: 12    Spells: 1/1 levels left

rFire    . . .     SeeInvis .   a - +0 short sword
rCold    . . .     Gourm    .   (no shield)
rNeg     . . .     Faith    .   (helmet restricted)
rPois    .         Spirit   .   (no amulet)
rElec    .         Reflect  .   (no ring)
rCorr    .         Harm     .   (no ring)
MR       .....                  (no ring)
Stlth    +++.......             (no ring)
Regen    0.1/turn               (no ring)
MPRegen  0.1/turn               (no ring)
                                (no ring)
                                (no ring)

@: no status effects
A: almost no armour, stealthy swim, amphibious, 8 rings, constrict 8, camouflage
1, gelatinous body 1
a: no special abilities


You were on level 4 of the Dungeon.
You were not hungry.

You visited 1 branch of the dungeon, and saw 4 of its levels.

You collected 79 gold pieces.

Inventory:

Hand Weapons
 a - a +0 short sword (weapon)
Wands
 b - a wand of flame (15/48)
 c - a wand of enslavement (14/24)
 d - a wand of random effects (14/48)
Scrolls
 e - 2 scrolls of teleportation {unknown}
 h - a scroll of magic mapping {unknown}
 i - a scroll of remove curse {unknown}
Potions
 j - 2 potions of cancellation {unknown}
 l - a potion of curing {unknown}
Books
 g - a book of Cantrips

   Spells                             Type                      Level
   a - Confusing Touch                Hexes                        1
   b - Animate Skeleton               Necromancy                   1
   c - Summon Small Mammal            Summoning                    1
   d - Apportation                    Translocation                1
Comestibles
 f - 2 bread rations
 k - 2 fruits


   Skills:
 - Level 1.0 Fighting
 - Level 1.0 Short Blades
 - Level 2.0 Dodging
 + Level 4.0 Stealth
 - Level 3.2 Evocations


You had one spell level left.
You didn't know any spells.

Dungeon Overview and Level Annotations

Branches:
Dungeon (4/15)
 Temple: D:4-7

Altars:


Innate Abilities, Weirdness & Mutations

You cannot wear most types of armour.
You are very stealthy in the water. (Stealth+)
You are amphibious.
You can wear up to eight rings at the same time.
You can use your tentacles to constrict eight enemies at once.
Your skin changes colour to match your surroundings (Stealth+).
Your rubbery body absorbs attacks. (AC +1, EV +1)


Message History

Aim: a gnoll (chance to defeat MR: 64%)
Okay, then.
Evoke which item? (* to show all) (? for menu, Esc to quit)
Aiming: Random Effects
Press: ? - help, Shift-Dir - straight line, f - gnoll
Aim: a gnoll The gnoll struggles to resist.
This wand has 14 charges left.
Evoke which item? (* to show all) (? for menu, Esc to quit)
Aiming: Enslavement
Press: ? - help, Shift-Dir - straight line, f - gnoll, p - gnoll
Aim: a gnoll, wielding a halberd (chance to defeat MR: 64%)
The gnoll struggles to resist.
This wand has 14 charges left.
You barely miss the gnoll. Your grab misses the gnoll. The gnoll hits you!
The gnoll hits you from afar with a halberd!
Ouch! That really hurt!
* * * LOW HITPOINT WARNING * * *
Evoke which item? (* to show all) (? for menu, Esc to quit)
Okay, then.
The gnoll hits you!
You die...

#........... ########
#.?.# #. #......# ##.g#
....?..
#......#######$##.#.#...
#..........###..........
#..#.#.#.#..............
#........Z.g............
#..#.#.#g#g.##.##.####..
#......@....##.# .# #..
##.#.#.#.#.....# # #..
#..........)### #..
#.#.#.#.#...####.# ##..
#................# #...
##..#######.###### #.#.
.....######.########.).
.####........#.....##.#.
#######............


You could see 3 gnolls and a bullfrog skeleton.

Vanquished Creatures
  An adder (D:4)
  An adder skeleton (D:4)
  A worm (D:2)
  A dart slug (D:4)
  A leopard gecko (D:4)
  A quokka (D:4)
6 creatures vanquished.

Notes
Turn   | Place    | Note
-------+----------+-------------------------------------------
     0 | D:1      | M4edhros the Octopode Artificer began the quest for the Orb.
     0 | D:1      | Reached XP level 1. HP: 13/13 MP: 3/3
    60 | D:2      | Reached skill level 2 in Stealth
   515 | D:4      | Reached skill level 3 in Stealth
   515 | D:4      | Reached XP level 2. HP: 17/18 MP: 4/4
   685 | D:4      | Reached skill level 4 in Stealth
   716 | D:4      | Mangled by a gnoll

Vault maps used:
D:1:      dpeg_arrival_refuge
D:3:      first_bread, uniq_jessica, uniq_grinder
D:4:      nicolae_qazlal_eye_of_the_storm, serial_glass, glass_columns_a,
          glass_columns_a, glass_columns_a, glass_columns_b, glass_columns_a,
          glass_columns_c, minmay_strange_pillars, feat_on_display

Skill      XL: |  1  2 |
---------------+-------+-----
Stealth        | 3 4 |  4.0
Fighting       | |  1.0
Short Blades   | |  1.0
Dodging        | |  2.0
Evocations     | |  3.2

Action                   || total
-------------------------++-------
Melee: Short sword       ||    17
       Constrict         ||     5
       Tentacles         ||     3
Evoke: Wand              ||     2
 Stab: Sleeping          ||     2
Dodge: Dodged            ||     8
